 Dungeon Crawl Stone Soup version 0.30-a0-879-ga8ba668304 (webtiles) character file.

Game seed: 1914368251054986906

138 Maxmaps the Cudgeller (level 5, -5/38 HPs)
             Began as a Demonspawn Gladiator on Mar 14, 2023.
             Was an Initiate of Gozag.
             Slain by an ogre
             ... wielding a +0 giant spiked club
              (24 damage)
             ... on level 4 of the Dungeon.
             The game lasted 00:02:25 (2775 turns).

Maxmaps the Cudgeller (Demonspawn Gladiator)        Turns: 2775, Time: 00:02:26

Health: -5/38      AC: 12    Str: 14    XL:     5   Next: 1%
Magic:  5/5        EV:  6    Int: 12    God:    Gozag
Gold:   141        SH:  0    Dex: 14    Spells: 4/4 levels left

rFire   . . .      SeeInvis .    a - +0 flail
rCold   . . .      Faith    .    (no shield)
rNeg    . . .      Spirit   .    q - +0 chain mail
rPois   .          Reflect  .    c - +0 helmet
rElec   .          Rampage  .    (no cloak)
rCorr   .                        (no gloves)
Will    .....                    (no boots) Stlth
                                 (no amulet)
HPRegen 0.26/turn                (no ring)
MPRegen 0.09/turn                (no ring)

@: no status effects
A: icy blue scales 2, demonic guardian 1
a: Renounce Religion, Potion Petition, Call Merchant, Bribe Branch


You were on level 4 of the Dungeon.
You worshipped Gozag.
Gozag was aware of your devotion.
You visited 1 branch of the dungeon, and saw 4 of its levels.

You collected 212 gold pieces.
You paid 71 gold pieces to Gozag.

Inventory:

Hand Weapons
 a - a +0 flail (weapon)
Missiles
 d - 4 throwing nets (quivered)
 e - 8 javelins
Armour
 b - a +0 leather armour
 c - a +0 helmet (worn)
 q - a +0 chain mail (worn)
Wands
 j - a wand of flame (30)
Scrolls
 f - a scroll of amnesia {unknown}
 i - 3 scrolls of identify {unknown}
 k - a scroll of brand weapon {unknown}
 m - a scroll of teleportation {unknown}
 o - a scroll of blinking {unknown}
 p - a scroll of enchant armour {unknown}
 t - a scroll of noise {unknown}
 u - a scroll of fog {unknown}
Potions
 g - a potion of mutation {unknown}
 h - a potion of degeneration {unknown}
 l - 2 potions of attraction {unknown}
 n - a potion of haste {unknown}
 r - 2 potions of curing {unknown}
 s - a potion of invisibility {unknown}


   Skills:
 - Level 2.0 Fighting
 + Level 5.2 Maces & Flails
 - Level 1.7 Throwing
 - Level 2.6 Dodging


You had 4 spell levels left.
You didn't know any spells.
Your spell library was empty.

Dungeon Overview and Level Annotations

Branches:
Dungeon (4/15)
 Temple: D:4-7

Altars:
Ashenzari
Cheibriados
Dithmenos
Gozag
Kikubaaqudgha
Makhleb
Nemelex Xobeh
Okawaru

Shops:
D:1 [   D:3 *


Innate Abilities, Weirdness & Mutations

You are mostly covered in icy blue scales. (AC +3)
A weak demonic guardian rushes to your aid.


Message History

An endoplasm is nearby!
An endoplasm is nearby!
An endoplasm is nearby!
The endoplasm hits you but does no damage.
There is a stone staircase leading down here.
You sock the endoplasm!
You kill the endoplasm!
No target in view!
No target in view!
No target in view!
No target in view!
No target in view!
No target in view!
No target in view!
No target in view!
No target in view!
No target in view!
You now have 141 gold pieces (gained 6).
There is a stone staircase leading down here.
An ogre comes into view. It is wielding a +0 giant spiked club.
An ogre is nearby!
A worm comes into view.
There are monsters nearby!
The ogre hits you with a +0 giant spiked club!
You sock the ogre!
The ogre is moderately wounded.
The ogre hits you with a +0 giant spiked club.
You are too injured to fight recklessly!
You are too injured to fight recklessly!
You are too injured to fight recklessly!
You are too injured to fight recklessly!
You are too injured to fight recklessly!
You are too injured to fight recklessly!
You are too injured to fight recklessly!
You hit the ogre.
The ogre is heavily wounded.
The ogre hits you with a +0 giant spiked club!!
Ouch! That really hurt!
You die...
Your body crumbles into a pile of gold.

...##..#######..........#
.####..# ##..........#
.......# #.>..>......#
.......# #.###.<.#####
........# #.##..#.#
......#.# ##.......#
......#.# #........#
..#...... ##........#
#....###.##.....@...#
###...# ##w.#....O..#
#..# w..##.......#
....... #######.# .....
.# .. #


You could see an ogre and a worm.

Vanquished Creatures
  An orc priest (D:3)
  2 adders (D:2)
  2 worms (D:2)
  4 dart slugs
  5 orcs (D:3)
  6 ball pythons
  9 endoplasms
  2 giant cockroaches
  7 goblins
  10 hobgoblins
  5 kobolds
  2 quokkas (D:1)
  A bat (D:1)
  A frilled lizard (D:3)
  4 rats
61 creatures vanquished.

Notes
Turn   | Place    | Note
-------+----------+-------------------------------------------
     0 | D:1      | Maxmaps the Demonspawn Gladiator began the quest for the
                  | Orb.
     0 | D:1      | Reached XP level 1. HP: 16/16 MP: 1/1
   121 | D:1      | Reached skill level 3 in Maces & Flails
   158 | D:1      | Gained mutation: You are partially covered in icy blue
                  | scales. (AC +2) [demonic ancestry]
   158 | D:1      | Reached XP level 2. HP: 8/22 MP: 2/2
   687 | D:1      | Found Qiyzuqac's Antique Armour Shop.
   808 | D:1      | Reached XP level 3. HP: 27/27 MP: 3/3
   961 | D:2      | Reached skill level 4 in Maces & Flails
  1005 | D:2      | Found a faded altar of an unknown god.
  1466 | D:2      | Gained mutation: A weak demonic guardian rushes to your
                  | aid. [demonic ancestry]
  1466 | D:2      | Reached XP level 4. HP: 31/33 MP: 4/4
  1977 | D:3      | Found Ycyinorgh's Assorted Antiques.
  2124 | D:3      | You fall into a shaft and drop 1 floor!
  2298 | D:3      | Found a sparkling altar of Nemelex Xobeh.
  2347 | D:3      | Reached skill level 5 in Maces & Flails
  2616 | D:3      | Found an opulent altar of Gozag.
  2623 | D:3      | Found a broken altar of Ashenzari.
  2631 | D:3      | Found a shadowy altar of Dithmenos.
  2638 | D:3      | Found an ancient bone altar of Kikubaaqudgha.
  2646 | D:3      | Found a snail-covered altar of Cheibriados.
  2653 | D:3      | Found a burning altar of Makhleb.
  2659 | D:3      | Found an iron altar of Okawaru.
  2686 | D:3      | Gained mutation: You are mostly covered in icy blue scales.
                  | (AC +3) [demonic ancestry]
  2686 | D:3      | Reached XP level 5. HP: 36/38 MP: 5/5
  2707 | D:3      | Became a worshipper of Gozag Ym Sagoz the Greedy
  2770 | D:4      | Noticed an ogre
  2775 | D:4      | Slain by an ogre

Illustrated notes

Levels and vault maps discovered:
D:1:      dpeg_arrival_connections, layout_basic, serial_shops,
          nicolae_shop_hallway_plus, minmay_domino_4
D:2:      layout_loops_cross, basic_ecumenical_altar, minmay_between
D:3:      layout_basic, nemelex_dance_club_becter,
          grunt_temple_overflow_octagram, serial_shops, nicolae_shop_statue_plus
D:4:      layout_rooms, uniq_menkaure, uniq_robin

Skill      XL: |  1  2  3  4 |
---------------+-------------+-----
Maces & Flails | 3 4 5 |  5.2
Fighting       | |  2.0
Throwing       | |  1.7
Dodging        | |  2.6

Action                     |  1- 3 |  4- 6 || total
---------------------------+-------+-------++-------
  Melee: Flail             |   130 |    96 ||   226
         Punch             |     4 |       ||     4
   Stab: Sleeping          |     1 |       ||     1
         Distracted        |     1 |       ||     1
 Armour: Leather armour    |    54 |       ||    54
         Chain mail        |       |    86 ||    86
  Dodge: Dodged            |   100 |    26 ||   126

Table legend: (Time is in decaauts)
 A = Elapsed time spent in this place.
 B = Non-inter-level travel time spent in this place.
 C = Inter-level travel time spent in this place.
 D = Time resting spent in this place.
 E = Time spent auto-exploring this place.
 F = Levels seen in this place.
 G = Mean time per level.
                   A        B        C        D        E       F      G
               +--------+--------+--------+--------+--------+-----+--------+
         Total |   2817 |   2775 |     42 |    244 |   2000 |   4 |  704.2 |
       Dungeon |   2817 |   2775 |     42 |    244 |   2000 |   4 |  704.2 |
               +--------+--------+--------+--------+--------+-----+--------+

Top non-repeatable levels by time:
     D:3: 957 daAuts
     D:1: 925 daAuts
     D:2: 847 daAuts
     D:4: 85 daAuts
